 Dungeon Crawl Stone Soup version 0.30.1 (webtiles) character file.

Game seed: 14195225494793154670

70 Graphine the Sneak (level 4, -2/27 HPs)
             Began as a Kobold Brigand on July 4, 2023.
             Slain by a hobgoblin
             ... wielding a +0 dagger
             ... led by Robin
              (3 damage)
             ... on level 2 of the Dungeon.
             The game lasted 00:02:47 (1528 turns).

Graphine the Sneak (Kobold Brigand)                 Turns: 1528, Time: 00:02:48

Health: -2/27      AC:  3    Str:  8    XL:     4   Next: 44%
Magic:  4/4        EV: 15    Int: 12    God:
Gold:   53         SH:  0    Dex: 18    Spells: 3/3 levels left

rFire   . . .        a - +2 dagger
rCold   . . .        (no shield)
rNeg    . . .        b - +0 robe
rPois   .            (no helmet)
rElec   .            c - +0 cloak
rCorr   .            (no gloves)
SInv    .            (no boots)
Will    .....        (no amulet)
Stlth   ++++         (no ring)
HPRegen 0.24/turn    (no ring)
MPRegen 0.09/turn

%: no passive effects
@: no status effects
A: small, no large weapons, nightstalker 3
a: no special abilities


You were on level 2 of the Dungeon.
You visited 1 branch of the dungeon, and saw 2 of its levels.

You collected 66 gold pieces.
You spent 13 gold pieces at shops.

Inventory:

Hand Weapons
 a - a +2 dagger (weapon)
Missiles
 d - a poisoned dart (quivered)
 e - 2 curare-tipped darts
Armour
 b - a +0 robe (worn)
 c - a +0 cloak (worn)
Scrolls
 f - a scroll of teleportation
 h - 5 scrolls of identify
 i - a scroll of silence
Potions
 g - 2 potions of berserk rage
 j - a potion of attraction {unknown}
 k - a potion of cancellation {unknown}


   Skills:
 + Level 2.8 Fighting
 * Level 3.6 Short Blades
 - Level 2.4 Throwing
 * Level 2.5 Dodging
 * Level 6.0 Stealth


You had 3 spell levels left.
You didn't know any spells.
Your spell library contained the following spells:

 Spells                   Type           Power      Damage    Failure   Level
 Volatile Blastmotes      Fire/Tloc      0%         2d10      69%         3
 Fulminant Prism          Conj/Hex       0%         3d5       97%         4
 Iskenderun's Mystic Bla  Conj/Tloc      0%         2d3       97%         4
 Lee's Rapid Deconstruct  Erth           0%         3d4*      100%        5


Dungeon Overview and Level Annotations

Branches:
Dungeon (2/15)

Altars:

Shops:
D:1 ?   D:2 :


Innate Abilities, Weirdness & Mutations

You are small and have problems with some larger weapons.
You are completely attuned to the shadows.


Message History

The goblin closely misses you.
You hit the goblin.
You kill the goblin!
You closely miss the hobgoblin. You closely miss the hobgoblin.
Robin's bangles clink loudly.
The hobgoblin misses you.
Throw: 3 darts (curare)
Press: ? - help, Shift-Dir - straight line, f - Robin
Aim: Robin, wielding a +0 dagger, wearing a +0 animal skin and wearing a +0 helmet (70% to hit)
You throw a curare-tipped dart. The curare-tipped dart hits Robin.
Robin is poisoned.
Robin convulses.
Robin seems to slow down.
Robin is heavily wounded.
The hobgoblin misses you. Robin hits you with a +0 dagger.
You hit Robin.
Robin is severely wounded.
The hobgoblin misses you.
You barely miss Robin.
Robin is almost dead.
You kill Robin!
The hobgoblin hits you with a +0 dagger.
* * * LOW HITPOINT WARNING * * *
Your Stealth skill increases to level 6!
You closely miss the hobgoblin. The hobgoblin misses you.
You hit the hobgoblin.
The hobgoblin is moderately wounded.
You hit the hobgoblin.
The hobgoblin is heavily wounded.
The hobgoblin no longer looks unusually strong.
The hobgoblin completely misses you.
You closely miss the hobgoblin. Your punch misses the hobgoblin.
The hobgoblin is heavily wounded.
The hobgoblin hits you with a +0 dagger.
* * * LOW HITPOINT WARNING * * *
Okay, then.
You hit the hobgoblin but do no damage.
The hobgoblin is heavily wounded.
The hobgoblin hits you with a +0 dagger.
You die...

##....# ###....## )#
#######......#
..##........##.##
.)......######.##.#
#..##...####...#..#
.###..###...##.###.####
....#....##.#..###.....
....##@..........>..###
..(())g####..####......
...!#### ### #..####
.... #.## #### ###.#
###########...#
#...........#######
#.########.........
#.### #.#######.


You could see a hobgoblin.

Vanquished Creatures
  Robin (D:2)
  A worm (D:2)
  2 dart slugs (D:1)
  3 bats
  3 endoplasms
  A giant cockroach (D:1)
  7 goblins
  7 hobgoblins
  2 jackals (D:1)
  5 quokkas
  4 ball pythons
  3 frilled lizards
  5 kobolds
  3 rats (D:1)
47 creatures vanquished.

Notes
Turn   | Place    | Note
-------+----------+-------------------------------------------
     0 | D:1      | Graphine the Kobold Brigand began the quest for the Orb.
     0 | D:1      | Reached XP level 1. HP: 12/12 MP: 1/1
   158 | D:1      | Reached XP level 2. HP: 18/18 MP: 2/2
   480 | D:1      | Reached XP level 3. HP: 22/22 MP: 3/3
   883 | D:1      | Found Jotwol's Magic Scroll Emporium.
   895 | D:1      | Bought a scroll of noise for 13 gold pieces
  1142 | D:2      | Found a faded altar of an unknown god.
  1381 | D:2      | Found Zakk's Book Shoppe.
  1488 | D:2      | Reached XP level 4. HP: 27/27 MP: 4/4
  1491 | D:2      | Noticed Robin
  1523 | D:2      | Killed Robin
  1524 | D:2      | Reached skill level 6 in Stealth
  1527 | D:2      | HP: 1/27 [hobgoblin/+0 dagger[Robin] (6)]
  1528 | D:2      | Slain by a hobgoblin

Illustrated notes

Levels and vault maps discovered:
D:1:      minmay_arrival_split_and_join, layout_basic, serial_shops, shop,
          minivault_4
D:2:      layout_rooms, serial_shops, shop, basic_ecumenical_altar,
          grunt_ministairs_10, uniq_robin

Skill      XL: |  1  2  3  4 |
---------------+-------------+-----
Short Blades   | 3 |  3.6
Dodging        | 2 |  2.5
Stealth        | 6 |  6.0
Fighting       | |  2.8
Throwing       | |  2.4

Action                     |  1- 3 |  4- 6 || total
---------------------------+-------+-------++-------
  Melee: Dagger            |    73 |    27 ||   100
         Punch             |     2 |       ||     2
  Throw: Dart              |       |     9 ||     9
    Use: Scroll            |     5 |       ||     5
   Stab: Sleeping          |    23 |       ||    23
 Armour: Robe              |     3 |     4 ||     7
  Dodge: Dodged            |    26 |    24 ||    50
